 Dungeon Crawl Stone Soup version 0.29.0-11-gd7f09526c8 (webtiles) character file.

Game seed: 501014393202750210

10 LustLizard the Sneak (level 2, 0/23 HPs)
             Began as a Gnoll Wanderer on Sept 3, 2022.
             Slain by a jackal (1 damage)
             ... on level 1 of the Dungeon.
             The game lasted 00:01:52 (614 turns).

LustLizard the Sneak (Gnoll Wanderer)                Turns: 614, Time: 00:01:52

Health: 0/23       AC:  2    Str: 10    XL:     2   Next: 20%
Magic:  0/5        EV: 12    Int: 10    God:
Gold:   16         SH:  0    Dex: 13    Spells: 5/6 levels left

rFire   . . .      SeeInvis .   j - +0 sling
rCold   . . .      Faith    .   (no shield)
rNeg    . . .      Spirit   .   g - +0 robe
rPois   .          Reflect  .   (no helmet)
rElec   .          Harm     .   (no cloak)
rCorr   .          Rampage  .   (no gloves)
Will    .....                   (no boots)
Stlth   +++.......              (no amulet)
HPRegen 0.07/turn               (no ring)
MPRegen 0.09/turn               (no ring)

@: no status effects
A: fangs 1, strong nose, distributed training
a: no special abilities


You were on level 1 of the Dungeon.
You visited 1 branch of the dungeon, and saw 1 of its levels.

You collected 16 gold pieces.

Inventory:

Hand Weapons
 a - a +0 dagger
 e - a +0 dagger
 j - a +0 sling (weapon)
Missiles
 b - 2 atropa-tipped darts
 c - a datura-tipped dart
 d - 11 poisoned darts
 i - 10 stones
Armour
 g - a +0 robe (worn)
Potions
 f - a potion of curing
 h - a potion of degeneration {unknown}
 k - a potion of ambrosia {unknown}
 l - a potion of heal wounds {unknown}
 m - a potion of invisibility {unknown}


   Skills:
 + Level 2.4 Fighting
 + Level 0.3 Short Blades
 + Level 0.3 Long Blades
 + Level 0.3 Axes
 + Level 0.3 Maces & Flails
 + Level 0.3 Polearms
 + Level 0.3 Staves
 + Level 0.3 Ranged Weapons
 + Level 4.4 Throwing
 + Level 0.3 Armour
 + Level 2.4 Dodging
 + Level 5.9 Stealth
 + Level 0.3 Shields
 + Level 0.3 Unarmed Combat
 + Level 2.7 Spellcasting
 + Level 0.2 Conjurations
 + Level 0.2 Hexes
 + Level 2.0 Summonings
 + Level 0.2 Necromancy
 + Level 0.2 Translocations
 + Level 0.2 Transmutations
 + Level 0.2 Fire Magic
 + Level 0.2 Ice Magic
 + Level 0.2 Air Magic
 + Level 0.2 Earth Magic
 + Level 0.2 Poison Magic
 + Level 0.4 Invocations
 + Level 2.4 Evocations


You had 5 spell levels left.
You knew the following spells:

 Your Spells              Type           Power      Damage    Failure   Level
a - Summon Small Mammal   Summ           20%        N/A       13%         1

Your spell library contained the following spells:

 Spells                   Type           Power      Damage    Failure   Level
 Summon Guardian Golem    Hex/Summ       3%         N/A       50%         3


Dungeon Overview and Level Annotations

Branches:
Dungeon (1/15)

Altars:


Innate Abilities, Weirdness & Mutations

You have very sharp teeth.
Your uncanny sense of smell can sniff out nearby items.
Your experience applies equally to all skills.


Message History

The jackal is severely wounded.
The jackal closely misses you. The endoplasm hits you.
The dart slug launches a dart at you. The slug dart hits you.
The endoplasm hits you but does no damage.
The jackal closely misses you.
Casting: Summon Small Mammal (safe; 13% risk of failure)
Confirm with . or Enter, or press ? or * to list all spells.
You don't know that spell.
Unknown command.
Casting: Summon Small Mammal (safe; 13% risk of failure)
Confirm with . or Enter, or press ? or * to list all spells.
The jackal closely misses you. The dart slug launches a dart at you.
The slug dart hits you.
* * * LOW HITPOINT WARNING * * *
The endoplasm closely misses you.
You are too injured to fight recklessly!
Unknown command.
You are too injured to fight recklessly!
You are too injured to fight recklessly!
Fire: j) +0 sling
Press: ? - help, Q - select action, (/) - cycle Shift-Dir - straight line, f/p - jackal
Aim: a jackal (severely wounded, 45% to hit)
You shoot a sling bullet.
The sling bullet hits the jackal but does no damage.
The jackal is severely wounded.
Your bat hits the dart slug. The jackal bites you.
* * * LOW HITPOINT WARNING * * *
The endoplasm closely misses you.
The jackal bites you but does no damage.
The dart slug launches a dart at you. The slug dart misses you.
Fire: j) +0 sling
Press: ? - help, Q - select action, (/) - cycle Shift-Dir - straight line, f/p - jackal
Aim: a jackal (severely wounded, 45% to hit)
You shoot a sling bullet.
The sling bullet barely misses the jackal.
Your bat completely misses the jackal.
The jackal bites you.
You die...

.......#
#............#
.......#
#............#
#.######
#............# #...
#............# #.#.#
####............#
..#.#
#.......#########
..# . #.##..........
.# .
#####.w......#####
.# #>....h@.....# ##
.....J..####J......#
......### #b......#
....J. #.......#
..... #.......#
..... ######.## ....
.# .... #


You could see a dart slug (ally target), an endoplasm, a jackal and a friendly
bat (summoned).

Vanquished Creatures
  A ball python (D:1)
  A hobgoblin (D:1)
  A jackal (D:1)
  2 bats (D:1)
5 creatures vanquished.

Vanquished Creatures (collateral kills)
  2 endoplasms (D:1)
  A giant cockroach (D:1)
3 creatures vanquished.

Grand Total: 8 creatures vanquished

Notes
Turn   | Place    | Note
-------+----------+-------------------------------------------
     0 | D:1      | LustLizard the Gnoll Wanderer began the quest for the Orb.
     0 | D:1      | LustLizard set off with the following items: a +0 dagger, 2
                  | atropa-tipped darts, a datura-tipped dart, 11 poisoned
                  | darts, a +0 dagger, a potion of curing, a +0 robe; and the
                  | following spell memorised: Summon Small Mammal; and the
                  | following spells available to memorise: Summon Guardian
                  | Golem.
     0 | D:1      | Reached XP level 1. HP: 17/17 MP: 4/4
   535 | D:1      | Reached XP level 2. HP: 23/23 MP: 2/5
   613 | D:1      | HP: 1/23 [jackal (2)]
   614 | D:1      | Slain by a jackal

Illustrated notes

Levels and vault maps discovered:
D:1:      minmay_arrival_glassed_features, layout_basic

Skill      XL: |  1 |
---------------+----+-----
Summonings     | 2 |  2.0
Fighting       | |  2.4
Short Blades   | |  0.3
Long Blades    | |  0.3
Axes           | |  0.3
Maces & Flails | |  0.3
Polearms       | |  0.3
Staves         | |  0.3
Ranged Weapons | |  0.3
Throwing       | |  4.4
Armour         | |  0.3
Dodging        | |  2.4
Stealth        | |  5.9
Shields        | |  0.3
Unarmed Combat | |  0.3
Spellcasting   | |  2.7
Conjurations   | |  0.2
Hexes          | |  0.2
Necromancy     | |  0.2
Translocations | |  0.2
Transmutations | |  0.2
Fire Magic     | |  0.2
Ice Magic      | |  0.2
Air Magic      | |  0.2
Earth Magic    | |  0.2
Poison Magic   | |  0.2
Invocations    | |  0.4
Evocations     | |  2.4

Action                   || total
-------------------------++-------
Melee: Dagger            ||    22
       Bite              ||     2
 Fire: Sling             ||    14
 Cast: Summon Small Mamm ||    13
Armor: Robe              ||     8
Dodge: Dodged            ||    36
